[Event "Early-Titled-Tuesday-Blitz-September-05-2023"]
[Site "Chess.com"]
[Date "2023.09.05"]
[Round "6"]
[White "Vsevolod_Ovchinnikov"]
[Black "NelsonLinda"]
[Result "1-0"]
[WhiteElo "2612"]
[BlackElo "2494"]
[TimeControl "180+1"]
[EndTime "9:05:03 PDT"]
[Termination "Vsevolod_Ovchinnikov won by resignation"]

1. d4 Nf6 2. c4 c5 3. d5 b5 4. cxb5 a6 5. bxa6 e6 6. Nc3 exd5 7. Nxd5 Be7 8. Nf3 O-O 9. Nxe7+ Qxe7 10. e3 d5 11. Be2 Bxa6 12. O-O Bxe2 13. Qxe2 Nc6 14. b3 Rfd8 15. Bb2 Ne4 16. Rfd1 h6 17. h3 Qe6 18. Nd2 Nb4 19. a3 Nc2 20. Nxe4 Nxa1 21. Nxc5 Qe7 22. b4 d4 23. Rxa1 dxe3 24. Qxe3 Qa7 25. Qg3 f5 26. Re1 Rd7 27. Nxd7 1-0

[Event "Early-Titled-Tuesday-Blitz-September-05-2023"]
[Site "Chess.com"]
[Date "2023.09.05"]
[Round "6"]
[White "hsd2016"]
[Black "Chessdemon2019"]
[Result "1-0"]
[WhiteElo "2272"]
[BlackElo "2398"]
[TimeControl "180+1"]
[EndTime "9:05:03 PDT"]
[Termination "hsd2016 won by checkmate"]

1. e4 c5 2. Nf3 d6 3. d4 cxd4 4. Nxd4 Nf6 5. Nc3 a6 6. h3 e5 7. Nf3 h5 8. Bc4 b5 9. Bb3 Be6 10. Bxe6 fxe6 11. a3 Nc6 12. Bg5 Be7 13. Qd3 O-O 14. O-O Qb6 15. Rad1 Rad8 16. Nh4 Nh7 17. Bxe7 Nxe7 18. Qg3 Kh8 19. Ng6+ Nxg6 20. Qxg6 h4 21.
Qxe6 Rf6 22. Qg4 Rf4 23. Qg6 Rdf8 24. Nd5 Qc5 25. Nxf4 Rxf4 26. Qxd6 Qxc2 27. Qxe5 Rf8 28. Rd7 Nf6 29. Re7 Qd2 30. Qf5 Qd6 31. Re6 Qd8 32. e5 Nd5 33. Qh5+ Kg8 34. Rd6 Qa8 35. f3 Ne3 36. Re1 Nf5 37. Rg6 Qa7+ 38. Kh2 Qf2 39. Re4 Ng3 40. Rxg7+ Kxg7 41. Rg4# 1-0

[Event "Early-Titled-Tuesday-Blitz-September-05-2023"]
[Site "Chess.com"]
[Date "2023.09.05"]
[Round "6"]
[White "SaiHanThiha"]
[Black "Vesper2018"]
[Result "1/2-1/2"]
[WhiteElo "2476"]
[BlackElo "2580"]
[TimeControl "180+1"]
[EndTime "9:05:06 PDT"]
[Termination "Game drawn by repetition"]

1. Nf3 Nf6 2. g3 g6 3. b3 Bg7 4.
Bb2 O-O 5. Bg2 c5 6. O-O d5 7. c4 d4 8. b4 Nc6 9. b5 Na5 10.
d3 Qc7 11. Nfd2 e5 12. Nb3 Nxb3 13.
axb3 Be6 14. Ba3 Nd7 15. b4 Rab8 16. Nd2 f5 17. bxc5 Nxc5 18. Nb3 b6 19. Bxc5 bxc5 20. Ra6 Rb6 21. Qa1 Rf7 22. Qa3 Bf8 23. Ra1 Rxa6 24. Qxa6 Qd7 25. Qc6 e4 26. Ra6 Qxc6 27. Rxc6 Bd7 28.
Rc7 Be6 29. Rc6 Bd7 30. Ra6 Bc8 31. Rc6 Bd7 1/2-1/2

[Event "Early-Titled-Tuesday-Blitz-September-05-2023"]
[Site "Chess.com"]
[Date "2023.09.05"]
[Round "6"]
[White "joksijoksi"]
[Black "Jmf24"]
[Result "0-1"]
[WhiteElo "2514"]
[BlackElo "2393"]
[TimeControl "180+1"]
[EndTime "9:05:06 PDT"]
[Termination "Jmf24 won by resignation"]

1. d4 Nf6 2. c4 g6 3. Nc3 d5 4. Qa4+ Bd7 5. Qb3 dxc4 6. Qxc4 Bg7 7. e4 O-O 8. Nf3 Na6 9. Be2 c5 10. d5 e6 11. O-O exd5 12. exd5 Bf5 13. Bg5 Re8 14.
Rfd1 Nb4 15. Bf1 a6 16. a3 b5 17. Qxc5 Nc2 18. Rac1 Rc8 19. Qa7 Qd6 20. Nd4 Ng4 21.
g3 Nxd4 22. Rxd4 Rc7 23. Nxb5 axb5 24. Qxc7 Qxc7 25. Rxc7 Bxd4 26. d6 Bxf2+ 27. Kg2 Bb6 28. d7 Rf8 29. d8=Q Rxd8 30. Bxd8 Ne3+ 31. Kf3 Bxc7 32.
Bxb5 Bxd8 33. Kxe3 Kf8 34. b4 Bb6+ 35. Kd2 h5 36. a4 Bg1 37. a5 Bxh2 38. a6 Bxg3 39. a7 Be4 40. Ke3 Bb7 41. Be2 Bh2 42. Kf2 Bc7 0-1

[Event "Early-Titled-Tuesday-Blitz-September-05-2023"]
[Site "Chess.com"]
[Date "2023.09.05"]
[Round "6"]
[White "Chernobay_Artem"]
[Black "GrumbleBruno"]
[Result "1-0"]
[WhiteElo "2610"]
[BlackElo "2476"]
[TimeControl "180+1"]
[EndTime "9:05:12 PDT"]
[Termination "Chernobay_Artem won by resignation"]

1. e4 e5 2. Nc3 Bb4 3. Nd5 Bc5 4.
Qg4 Kf8 5. Qg3 c6 6. Nc3 d6 7. Nf3 Nf6 8. Be2 Nh5 9. Qh4 Qxh4 10. Nxh4 Nf4 11. Bf3 Ng6 12. Nxg6+ hxg6 13. d3 f5 14. Bg5 Nd7 15. h4 Nf6 16. g3 Be6 17. Rf1 Kf7 18.
O-O-O fxe4 19. Nxe4 Nxe4 20. dxe4 a5 21. a3 a4 22. Be2 Bh3 23. Rg1 Be6 24. Rg2 Rhe8 25. Rh2 Kg8 26. h5 gxh5 27. Bxh5 Bf7 28. Be2 d5 29.
Rdh1 Be6 30. Bh5 Rec8 31. Bg6 1-0

[Event "Early-Titled-Tuesday-Blitz-September-05-2023"]
[Site "Chess.com"]
[Date "2023.09.05"]
[Round "6"]
[White "Gyulamiryan-koryun"]
[Black "tk22h"]
[Result "0-1"]
[WhiteElo "2057"]
[BlackElo "2380"]
[TimeControl "180+1"]
[EndTime "9:05:13 PDT"]
[Termination "tk22h won on time"]

1. e4 e5 2. Nf3 Nc6 3. Bc4 Nf6 4. Ng5 d5 5. exd5 Na5 6. Bb5+ Bd7 7. Bxd7+ Qxd7 8. O-O Be7 9. d4 exd4 10. Qxd4 Qxd5 11. Qxd5 Nxd5 12. Nf3 O-O 13. a3 Bf6 14. Nbd2 Rfe8 15. Rb1 Nf4 16. c3 Rad8 17. g3 Nd3 18. Kg2 g5 19. h3 h5 20. g4 hxg4 21. hxg4 Nf4+ 22. Kg1 Kg7 23. b4 Nc6 24. Nb3 Ne2+ 25. Kg2 Nxc1 26.
Rbxc1 Re4 27. Nh2 b6 28. f3 Re3 29. Rf2 Rdd3 30. Nf1 Re6 31. Rfc2 Be5 32. b5 Ne7 33. Nd4 Bxd4 34. cxd4 Nd5 35. a4 Rxd4 36. Rc4 Re2+ 37.
Kg3 Nf4 38. Ne3 Rxc4 0-1

[Event "Early-Titled-Tuesday-Blitz-September-05-2023"]
[Site "Chess.com"]
[Date "2023.09.05"]
[Round "6"]
[White "vladislavkovalev"]
[Black "CSB7"]
[Result "1-0"]
[WhiteElo "2913"]
[BlackElo "2702"]
[TimeControl "180+1"]
[EndTime "9:05:14 PDT"]
[Termination "vladislavkovalev won by resignation"]

1. e4 e5 2. Nf3 Nf6 3. Nxe5 Nxe4 4. Qe2 Qe7 5. Qxe4 d6 6. d4 dxe5 7. dxe5 Nc6 8. Nc3 Qxe5 9. Qxe5+ Nxe5 10. Nb5 Bb4+ 11. c3 Ba5 12. Bf4 f6 13. O-O-O a6 14. Na3 Bb6 15. Nc4 Bxf2 16. Nxe5 fxe5 17. Bxe5 Bf5 18.
Bd3 Bg4 19. Rdf1 O-O-O 20. Kc2 Bb6 21. Bxg7 Rhg8 22. Bf6 Rd7 23. h3 Be6 24. g4 Kb8 25. b3 Ka7 26. Re1 Bd5 27. Rh2 Rf7 28. g5 h6 29. h4 hxg5 30. hxg5 Rgf8 31. Rf1 c6 32. Rh7 Rxh7 33. Bxh7 Bd8 34. Bd4+ 1-0

[Event "Early-Titled-Tuesday-Blitz-September-05-2023"]
[Site "Chess.com"]
[Date "2023.09.05"]
[Round "6"]
[White "Magila31"]
[Black "FuenfgegenWilly"]
[Result "0-1"]
[WhiteElo "2421"]
[BlackElo "2315"]
[TimeControl "180+1"]
[EndTime "9:05:14 PDT"]
[Termination "FuenfgegenWilly won by resignation"]

1. d4 Na6 2. e4 c6 3. Nc3 Nc7 4.
Bf4 d5 5. Bxc7 Qxc7 6. exd5 cxd5 7. Nxd5 Qa5+ 8. Nc3 Nf6 9. Nf3 Bg4 10. Bb5+ Nd7 11. h3 a6 12. hxg4 axb5 13. O-O b4 14. Ne4 e6 15. Re1 Qd5 16. Qd3 Be7 17. c4 bxc3 18.
Nxc3 Qd6 19. Nb5 Qf4 20. d5 Nc5 21. Qe2 O-O 22. d6 Bd8 23. Qe5 Qxe5 24. Nxe5 f6 25.
Nc4 e5 26. a3 Ra4 27. Rac1 Nd3 28. b3 Ra8 29. a4 Nxe1 30. Rxe1 Kf7 31. g3 Rc8 32.
Kg2 Rc5 33. f4 exf4 34. gxf4 h5 35. Kf3 hxg4+ 36. Kxg4 Rd5 37. Re3 Rh8 38. Nc3 Rdh5 39. Ne4 f5+ 40. Kf3 Rh3+ 41. Ke2 Rxe3+ 0-1

[Event "Early-Titled-Tuesday-Blitz-September-05-2023"]
[Site "Chess.com"]
[Date "2023.09.05"]
[Round "6"]
[White "realburq"]
[Black "slidingknight2775"]
[Result "0-1"]
[WhiteElo "2393"]
[BlackElo "2570"]
[TimeControl "180+1"]
[EndTime "9:05:15 PDT"]
[Termination "slidingknight2775 won by resignation"]

1. Nf3 d5 2. b3 c5 3. Bb2 f6 4. d3 e5 5. g3 Nc6 6. Bg2 Be6 7. O-O Bd6 8. c4 d4 9. Nbd2 Nge7 10. Ne4 O-O 11.
e3 Nf5 12. exd4 cxd4 13. h3 a5 14. a3 Be7 15. Rc1 Nd6 16. Nxd6 Bxd6 17. Nd2 Qe7 18. Re1 Bxa3 19. Bxa3 Qxa3 20. Ne4 Qb4 21. f4 Rae8 22. Ra1 Qe7 23. c5 Rd8 24. Qh5 Bd5 25.
Nd6 Bxg2 26. Kxg2 Qe6 27. Rab1 Qd5+ 28. Kh2 Qxc5 29. Nxb7 Qc2+ 30. Kh1 Rb8 31. Rec1 Qxd3 32. Nd6 Rxb3 33. Rxb3 Qxb3 34. Rxc6 Qd5+ 35. Kh2 Qxc6 36.
Nf5 Qc2+ 37. Kg1 Rb8 38. Ne7+ Kf8 39. Ng6+ Qxg6 0-1

[Event "Early-Titled-Tuesday-Blitz-September-05-2023"]
[Site "Chess.com"]
[Date "2023.09.05"]
[Round "6"]
[White "thedjoker98"]
[Black "kasun_bole"]
[Result "1-0"]
[WhiteElo "2618"]
[BlackElo "2405"]
[TimeControl "180+1"]
[EndTime "9:05:16 PDT"]
[Termination "thedjoker98 won by resignation"]

1. d4 Nf6 2. c4 e6 3. Nc3 Bb4 4. g3 O-O 5. Bg2 d5 6. Nf3 dxc4 7. O-O c6 8. Ne5 Nbd7 9. Nxc4 Nb6 10. Ne5 h6 11.
Bf4 Nbd5 12. Bd2 Nb6 13. e3 Nfd7 14. Nd3 Be7 15. a4 Nd5 16. Qb3 Bd6 17. e4 Nxc3 18.
bxc3 Rb8 19. a5 Be7 20. e5 c5 21. Be3 Qc7 22. Qc4 b5 23. axb6 axb6 24. dxc5 Nxc5 25. Nxc5 Bxc5 26. Bxc5 Qxc5 27. Qxc5 bxc5 28. Rfb1 Bd7 29. Rxb8 Rxb8 30. Ra8 Rxa8 31. Bxa8 Kf8 32. f4 Ke7 33. Kf2 Bb5 34. Ke3 f6 35. Be4 Bc4 36. Bd3 Ba2 37. Bb5 Kd8 38. Kd2 Kc7 39. Ke3 Kb6 40. Bd7 Kc7 41.
Ba4 Kb6 42. h4 Kc7 43. Kf3 Kd8 44. Kg4 Ke7 45. Kf3 Kd8 46. Bb5 Kc7 47. Kg4 Kd8 48. Kh5 Bb1 49. exf6 gxf6 50. Kxh6 e5 51. fxe5 fxe5 52.
Kg5 Ke7 53. h5 Kf7 54. h6 Kg8 55. Kh5 Kh7 56. g4 Bg6+ 57. Kg5 Bc2 58. Bd7 Kh8 59.
Bf5 Ba4 60. Kf6 1-0

[Event "Early-Titled-Tuesday-Blitz-September-05-2023"]
[Site "Chess.com"]
[Date "2023.09.05"]
[Round "6"]
[White "Yerlan-Ra"]
[Black "rdarruda"]
[Result "1-0"]
[WhiteElo "2425"]
[BlackElo "2568"]
[TimeControl "180+1"]
[EndTime "9:05:18 PDT"]
[Termination "Yerlan-Ra won by checkmate"]

1. e4 c5 2. Nc3 e6 3. g3 Nc6 4. Bg2 Nf6 5. Nge2 Be7 6. O-O O-O 7. d4 cxd4 8. Nxd4 a6 9. h3 Qc7 10. Be3 d6 11. Qe2 Bd7 12. Rad1 Ne5 13. f4 Nc4 14. Bc1 Rac8 15. f5 e5 16. Nb3 b5 17.
g4 h6 18. h4 Nh7 19. Nd5 Qa7+ 20. Kh1 Bxh4 21. g5 Bxg5 22. Bxg5 Nxg5 23. f6 g6 24. Rd3 Kh8 25. Rg3 Nh7 26. Bh3 Bxh3 27. Rxh3 h5 28. Rg1 Qd7 29. Rgg3 Rg8 30. Qd1 Qe6 31. Qc1 Nxf6 32. Nxf6 Qxf6 33. Qh6# 1-0

[Event "Early-Titled-Tuesday-Blitz-September-05-2023"]
[Site "Chess.com"]
[Date "2023.09.05"]
[Round "6"]
[White "malakismayil"]
[Black "mamey78"]
[Result "1-0"]
[WhiteElo "2530"]
[BlackElo "2611"]
[TimeControl "180+1"]
[EndTime "9:05:20 PDT"]
[Termination "malakismayil won by resignation"]

1. e4 e5 2. Nf3 Nc6 3. Bc4 Nf6 4. d3 Be7 5. Nc3 d6 6. O-O O-O 7. h3 Be6 8. Bb3 d5 9. exd5 Nxd5 10. Re1 Nxc3 11. bxc3 Bxb3 12. axb3 Bd6 13. c4 f6 14.
Bb2 Ne7 15. d4 exd4 16. Nxd4 Qd7 17. Ne6 Rfe8 18. c5 Ng6 19. cxd6 Rxe6 20. Rxe6 Qxe6 21.
dxc7 Rc8 22. Qd8+ Kf7 23. Rd1 Ne7 24. Ba3 Nc6 25. Rd7+ Kg6 26. Qxc8 Qe1+ 27. Kh2 Qe5+ 28. g3 Qe2 29. Rxg7+ Kxg7 30. Qg4+ Qxg4 31. hxg4 Ne7 32. Bxe7 1-0

[Event "Early-Titled-Tuesday-Blitz-September-05-2023"]
[Site "Chess.com"]
[Date "2023.09.05"]
[Round "6"]
[White "ChEsper99"]
[Black "Gauravthegm"]
[Result "0-1"]
[WhiteElo "2174"]
[BlackElo "2422"]
[TimeControl "180+1"]
[EndTime "9:05:21 PDT"]
[Termination "Gauravthegm won on time"]

1. e4 c5 2. c3 Nf6 3. e5 Nd5 4. d4 cxd4 5. cxd4 d6 6. Nf3 Nc6 7. Bc4 Nb6 8. Bb5 Bd7 9. Nc3 dxe5 10. Nxe5 Nxe5 11. dxe5 e6 12. Be3 Bb4 13. O-O Bxc3 14.
Bxd7+ Nxd7 15. bxc3 O-O 16. Qd6 Qc8 17. Rab1 b6 18.
Rfd1 Rd8 19. Rd4 Nf8 20. Qb4 Qc7 21. Rxd8 Rxd8 22. Bd4 Ng6 23. Re1 Nf4 0-1

[Event "Early-Titled-Tuesday-Blitz-September-05-2023"]
[Site "Chess.com"]
[Date "2023.09.05"]
[Round "6"]
[White "Boundless_Strike"]
[Black "farzadbfd"]
[Result "0-1"]
[WhiteElo "2533"]
[BlackElo "2706"]
[TimeControl "180+1"]
[EndTime "9:05:24 PDT"]
[Termination "farzadbfd won by resignation"]

1. d3 e5 2. e4 Nc6 3. Nf3 Nf6 4. h3 d5 5. Nbd2 Bc5 6. c3 O-O 7. Be2 a5 8. Qc2 Re8 9. g4 Bf8 10. Nf1 b6 11. Ng3 Ba6 12. g5 dxe4 13. dxe4 Nd7 14. Bxa6 Rxa6 15. Be3 a4 16. Rd1 Qe7 17. h4 Nc5 18. h5 Qe6 19. g6 fxg6 20. hxg6 h6 21.
Nf5 Ne7 22. Bxc5 bxc5 23. N3h4 Nxf5 24. Nxf5 Qxa2 25. Qd3 Rxg6 26. c4 Ree6 27. Qc3 Rb6 28. Rd2 Qb1+ 29. Rd1 Qxe4+ 30. Kd2 Qxf5 31. Qe3 Rxb2+ 0-1

[Event "Early-Titled-Tuesday-Blitz-September-05-2023"]
[Site "Chess.com"]
[Date "2023.09.05"]
[Round "6"]
[White "Harry_Rakkel"]
[Black "BlueWizzard"]
[Result "0-1"]
[WhiteElo "2664"]
[BlackElo "2905"]
[TimeControl "180+1"]
[EndTime "9:05:25 PDT"]
[Termination "BlueWizzard won on time"]

1. e4 g6 2. d4 d5 3. exd5 Qxd5 4. c4 Qd8 5. h3 Bg7 6. Nf3 Nh6 7. Na3 Nf5 8. Nc2 O-O 9. Be2 c5 10. d5 e6 11. O-O exd5 12. cxd5 Nd4 13. Nfxd4 cxd4 14. Bf3 Qb6 15. a4 Na6 16. a5 Qc5 17. b4 Qc4 18.
Bb2 Bf5 19. Nxd4 Bd3 20. Rc1 Qxb4 21. Bc3 Qc4 22. Ba1 Bxf1 23. Rxc4 Bxc4 24. Nf5 Bxa1 25.
Ne7+ Kg7 26. Qxa1+ f6 27. Qd4 Bb5 28. d6 Rad8 29.
Bxb7 Rd7 30. Qxa7 Rb8 31. Qd4 Rdxb7 32. Qd5 Nb4 33. Qe6 Bd7 34. Qe4 Ra7 35. g4 Rxa5 36.
Qc4 Ra7 37. Qd4 Ra5 38. h4 g5 0-1

[Event "Early-Titled-Tuesday-Blitz-September-05-2023"]
[Site "Chess.com"]
[Date "2023.09.05"]
[Round "6"]
[White "fastestmindalive"]
[Black "Actuary44"]
[Result "1-0"]
[WhiteElo "2704"]
[BlackElo "2534"]
[TimeControl "180+1"]
[EndTime "9:05:26 PDT"]
[Termination "fastestmindalive won by checkmate"]

1. e4 c5 2. Nf3 d6 3. d4 cxd4 4. Nxd4 Nf6 5. Nc3 g6 6. Be3 Bg7 7. f3 O-O 8. Qd2 Nc6 9. O-O-O d5 10. Nxc6 bxc6 11. Bh6 e6 12. h4 Qb6 13. Bxg7 Kxg7 14. e5 Ng8 15. h5 Rb8 16. b3 c5 17. Rh4 c4 18. Be2 cxb3 19. axb3 h6 20. hxg6 fxg6 21.
Rdh1 g5 22. Rxh6 Nxh6 23. Qxg5+ Kf7 24. Bb5 Qd8 25. Qxh6 Rg8 26. Kb2 Qg5 27. Qh7+ Rg7 28. Qh8 Rg8 29. Qh2 d4 30. Ne4 Qxg2 31. Qf4+ Ke7 32.
Qf6# 1-0

[Event "Early-Titled-Tuesday-Blitz-September-05-2023"]
[Site "Chess.com"]
[Date "2023.09.05"]
[Round "6"]
[White "hansen"]
[Black "viktorgen2021"]
[Result "1-0"]
[WhiteElo "2873"]
[BlackElo "2484"]
[TimeControl "180+1"]
[EndTime "9:05:27 PDT"]
[Termination "hansen won on time"]

1. Nf3 Nf6 2. g3 g6 3. Bg2 Bg7 4. O-O O-O 5. c4 d6 6. Nc3 Nc6 7. d3 Nh5 8. Bd2 f5 9. Rb1 f4 10. b4 e5 11. b5 Ne7 12. Ne4 Rb8 13. a4 h6 14. a5 g5 15. b6 axb6 16. axb6 c6 17. c5 d5 18. Nd6 Be6 19. Bc3 d4 20. Bb4 Nd5 21. Nd2 Qd7 22. N2e4 Bh3 23. Bh1 Kh8 24.
Bd2 g4 25. Ra1 Nhf6 26. Ra7 Nxe4 27. Bxe4 Bxf1 28. Qxf1 f3 29. Qd1 Nf6 30. Bf5 Qe7 31.
exf3 gxf3 32. Qxf3 Nh7 33. Qxc6 Qf6 34. Rxb7 Rbd8 35.
Rd7 Rc8 36. Qd5 Ra8 37. Nf7+ Rxf7 38. Rxf7 Qd8 39. Qxd8+ Rxd8 40. Bxh7 1-0

[Event "Early-Titled-Tuesday-Blitz-September-05-2023"]
[Site "Chess.com"]
[Date "2023.09.05"]
[Round "6"]
[White "TimofeevAr"]
[Black "hurricane7791"]
[Result "1-0"]
[WhiteElo "2864"]
[BlackElo "2685"]
[TimeControl "180+1"]
[EndTime "9:05:29 PDT"]
[Termination "TimofeevAr won by checkmate"]

1. c4 c5 2. Nf3 Nf6 3. Nc3 e6 4.
e4 Nc6 5. Be2 d6 6. d4 cxd4 7.
Nxd4 Ne5 8. O-O a6 9. f4 Ned7 10. Bf3 Qc7 11. Be3 Be7 12. Rc1 O-O 13. g4 Nb6 14. b3 g6 15. g5 Nfd7 16. Bg2 Re8 17.
Kh1 Bf8 18. Nde2 Nc5 19. Qd2 Bd7 20. f5 exf5 21. exf5 Bc6 22. Nf4 Re5 23. Ncd5 Nxd5 24. Nxd5 Bxd5 25. Bxd5 Ne4 26. Qg2 gxf5 27. Bd4 Rxd5 28.
cxd5 Qd7 29. Qf3 Bg7 30. Bxg7 Kxg7 31. Qxf5 Qxf5 32. Rxf5 Kg6 33. Rf4 Re8 34. Rc7 Nxg5 35. h4 Re1+ 36. Kg2 Ne4 37. Rcxf7 Nc5 38. R4f6+ Kh5 39.
Rxh7+ Kg4 40. Rg7+ Kxh4 41. Rh6# 1-0

[Event "Early-Titled-Tuesday-Blitz-September-05-2023"]
[Site "Chess.com"]
[Date "2023.09.05"]
[Round "6"]
[White "BlitzWizard04"]
[Black "Bugcrusher"]
[Result "1-0"]
[WhiteElo "2608"]
[BlackElo "2322"]
[TimeControl "180+1"]
[EndTime "9:05:30 PDT"]
[Termination "BlitzWizard04 won by resignation"]

1. e4 e6 2. d4 d5 3. Nc3 Bb4 4. exd5 exd5 5. Bd3 Nc6 6. a3 Bxc3+ 7. bxc3 Nge7 8. Qh5 g6 9. Qh4 Bf5 10. Nf3 Qd7 11. a4 O-O-O 12. Bg5 Rde8 13. O-O Bxd3 14. cxd3 Nf5 15. Qf4 h6 16. Bf6 g5 17. Qd2 Rhg8 18.
Ne5 Nxe5 19. dxe5 g4 20. d4 h5 21. f3 g3 22. h3 Re6 23. Rab1 Rc6 24. a5 Rc4 25. a6 b6 26. Rb4 Rxb4 27. cxb4 Ne7 28. Rc1 Nc6 29. Qc3 Nb8 30. Qd3 Qa4 31. Qh7 Re8 32.
Qxf7 Nxa6 33. e6 Qb5 34. Be5 Kb8 35. Bxc7+ Ka8 36. Bxg3 Nxb4 37. Qd7 a6 38. Rc8+ 1-0

[Event "Early-Titled-Tuesday-Blitz-September-05-2023"]
[Site "Chess.com"]
[Date "2023.09.05"]
[Round "6"]
[White "Doomfist26"]
[Black "smilingice"]
[Result "1-0"]
[WhiteElo "2619"]
[BlackElo "2420"]
[TimeControl "180+1"]
[EndTime "9:05:31 PDT"]
[Termination "Doomfist26 won by checkmate"]

1. e4 c5 2. Nf3 d6 3. Bb5+ Nc6 4. O-O Bd7 5. Re1 Nf6 6. c3 a6 7.
Bxc6 Bxc6 8. d4 Bxe4 9. Bg5 d5 10. Nbd2 Bxf3 11. Qxf3 e6 12. Bxf6 gxf6 13. c4 cxd4 14. cxd5 e5 15. Ne4 Bg7 16. Qa3 Qe7 17. d6 Qd8 18.
Ng3 Qd7 19. Nh5 Rg8 20. Rad1 Qg4 21. Qa4+ b5 22. Qc2 Rc8 23. Qxh7 Kf8 24. Ng3 Rh8 25. Qf5 Rh4 26. Qxg4 Rxg4 27. Rc1 Rxc1 28. Rxc1 Ke8 29.
Nf5 d3 30. Kf1 Rg5 31. Rc8+ Kd7 32. Rc7+ Kd8 33. Ne7 d2 34. Nc6+ Ke8 35. d7+ Kf8 36. Rc8# 1-0

[Event "Early-Titled-Tuesday-Blitz-September-05-2023"]
[Site "Chess.com"]
[Date "2023.09.05"]
[Round "6"]
[White "olderson"]
[Black "SilverCityIndigo"]
[Result "0-1"]
[WhiteElo "2459"]
[BlackElo "2328"]
[TimeControl "180+1"]
[EndTime "9:05:32 PDT"]
[Termination "SilverCityIndigo won on time"]

1. e4 e5 2. f4 exf4 3. Bc4 Nf6 4. Nc3 Bb4 5. d3 d5 6. exd5 Nxd5 7. Bxd5 Qxd5 8.
Qf3 Qe5+ 9. Ne2 O-O 10. Bxf4 Qa5 11. O-O Nc6 12. Kh1 Be6 13. a3 Bxc3 14. Nxc3 Rad8 15. Qg3 Rd7 16. Rae1 Kh8 17. Ne4 Qh5 18. Bxc7 Bd5 19.
Bf4 f5 20. Ng5 h6 21. Ne6 Rf6 22. Nc5 Rdf7 23. Re8+ Kh7 24. Qe3 Rg6 25. Rg1 Qg4 26.
Qf2 Nd4 27. Be3 Nf3 0-1

[Event "Early-Titled-Tuesday-Blitz-September-05-2023"]
[Site "Chess.com"]
[Date "2023.09.05"]
[Round "6"]
[White "koncheto"]
[Black "jk13"]
[Result "1-0"]
[WhiteElo "2543"]
[BlackElo "2669"]
[TimeControl "180+1"]
[EndTime "9:05:35 PDT"]
[Termination "koncheto won by resignation"]

1. e4 e5 2. Nf3 Nc6 3. Bc4 Bc5 4. c3 Nf6 5. d3 O-O 6. O-O d5 7. exd5 Nxd5 8. h3 Nb6 9. Bb5 f6 10.
Re1 Kh8 11. Nbd2 Bd7 12. Nc4 a6 13. Nxb6 axb5 14. Nxa8 Qxa8 15. d4 exd4 16. cxd4 Bd6 17. d5 Nb4 18. a3 b6 19. Bf4 Bxf4 20. axb4 Qc8 21. Qd4 Bd6 22. Rac1 Qa8 23. Nd2 Qa2 24. Ra1 Be5 25. Qxe5 Qxa1 26. Qe7 Qa8 27. Qxd7 Rd8 28. Qxc7 Qxd5 29. Nf3 h6 30. Qxb6 Rd6 31. Qe3 Qc4 32. Qe8+ Kh7 33. Qe4+ Qxe4 34. Rxe4 Rd1+ 35. Kh2 Rb1 36.
Re2 g5 37. Nd4 Kg6 38. Nxb5 Rd1 39. Nc3 Rd4 40. b5 Rb4 41. g4 h5 42. f3 h4 43. Kg2 Rb3 44. Kf2 Kg7 45. Ke3 Kf7 46.
Kd3 Rb4 47. Kc2 Kf8 48. Re4 1-0

[Event "Early-Titled-Tuesday-Blitz-September-05-2023"]
[Site "Chess.com"]
[Date "2023.09.05"]
[Round "6"]
[White "HajiyevKanan"]
[Black "borocotoajua"]
[Result "0-1"]
[WhiteElo "2471"]
[BlackElo "2598"]
[TimeControl "180+1"]
[EndTime "9:05:36 PDT"]
[Termination "borocotoajua won by resignation"]

1. d4 Nf6 2. Nf3 g6 3. g3 Bg7 4. Bg2 O-O 5. O-O d6 6. b3 c6 7. Bb2 Qa5 8. Qd2 Qh5 9. Qg5 Na6 10. Qxh5 Nxh5 11. c3 c5 12. e3 Rb8 13.
Nbd2 b5 14. Rac1 Nf6 15. a3 Bd7 16. Rfe1 Rfc8 17. Bf1 Nc7 18. e4 b4 19. axb4 cxb4 20.
c4 Nfe8 21. Ra1 Ra8 22. e5 d5 23. c5 Bb5 24. Ra5 Bxf1 25. Kxf1 Ne6 26. Rea1 Rc7 27. Ke2 f6 28. exf6 Bxf6 29. Kd3 Nxc5+ 30. Rxc5 Rxc5 31. dxc5 Bxb2 32. Ra4 a5 33. Nd4 Nc7 34. f4 Na6 35. c6 Nc5+ 36. Kc2 Nxa4 37. bxa4 Bxd4 0-1

[Event "Early-Titled-Tuesday-Blitz-September-05-2023"]
[Site "Chess.com"]
[Date "2023.09.05"]
[Round "6"]
[White "LionTheLeon_06"]
[Black "LeoLV10"]
[Result "1-0"]
[WhiteElo "2810"]
[BlackElo "2499"]
[TimeControl "180+1"]
[EndTime "9:05:37 PDT"]
[Termination "LionTheLeon_06 won on time"]

1. e4 c6 2. Nf3 d5 3. Nc3 Bg4 4. h3 Bxf3 5. Qxf3 e6 6. Be2 Nf6 7. O-O Be7 8. Rd1 O-O 9. d4 dxe4 10. Nxe4 Nxe4 11. Qxe4 Nd7 12. c3 Nf6 13. Qf3 Qc7 14.
Bd3 Rad8 15. Bg5 h6 16. Bf4 Bd6 17. Bd2 Rfe8 18. Bxh6 e5 19. dxe5 Bxe5 20. Bg5 Qb6 21. Rd2 Rd6 22. Rad1 Qc7 23. g3 b5 24.
Kg2 a5 25. h4 b4 26. cxb4 axb4 27. Bc4 Red8 28. Rxd6 Rxd6 29. Re1 Rd8 30. Re2 c5 31. Qf5 Qc6+ 32. f3 Bd4 33. Re7 Nd5 34. Qxf7+ Kh8 35. Qh5+ Kg8 36. Re4 Kf8 37. Bxd8 1-0

[Event "Early-Titled-Tuesday-Blitz-September-05-2023"]
[Site "Chess.com"]
[Date "2023.09.05"]
[Round "6"]
[White "NovoselovRoman"]
[Black "colegiodemadrid"]
[Result "1/2-1/2"]
[WhiteElo "2576"]
[BlackElo "2463"]
[TimeControl "180+1"]
[EndTime "9:05:38 PDT"]
[Termination "Game drawn by repetition"]

1. e4 e5 2. Nf3 Nc6 3. Bc4 Bc5 4. d3 Nf6 5. Nc3 O-O 6. Bg5 h6 7. Bh4 Be7 8. Qd2 Nh5 9. Bxe7 Qxe7 10. Nd5 Qd8 11.
O-O-O d6 12. h3 Nf6 13. Ne3 Rb8 14. g4 b5 15. Bd5 Nxd5 16. Nxd5 Be6 17. Ne3 Nd4 18.
Nxd4 exd4 19. Nf5 c5 20. Rhg1 Bxf5 21. gxf5 Kh7 22. Rg4 Qf6 23. Rdg1 Rg8 24. Qa5 Rb7 25.
f4 d5 26. e5 Qxf5 27. Qa6 Qd7 28. Qxh6+ gxh6 29. Rxg8 h5 30. R1g7+ Kh6 31. Rg5 Kh7 32.
R8g7+ Kh6 33. Rg8 Kh7 34. R8g7+ Kh6 35. Rg8 1/2-1/2

[Event "Early-Titled-Tuesday-Blitz-September-05-2023"]
[Site "Chess.com"]
[Date "2023.09.05"]
[Round "6"]
[White "Taran2004"]
[Black "LUISMIGUELOV"]
[Result "1-0"]
[WhiteElo "2363"]
[BlackElo "2086"]
[TimeControl "180+1"]
[EndTime "9:05:38 PDT"]
[Termination "Taran2004 won on time"]

1. e4 c6 2. d4 d5 3. e5 c5 4. dxc5 Nc6 5. Nf3 Bg4 6. Bb5 e6 7. a3 Bxc5 8. b4 Bb6 9. Bb2 Ne7 10. h3 Bxf3 11. Qxf3 a6 12. Bd3 Ng6 13. Qe2 Qc7 14. Bxg6 hxg6 15. O-O Rc8 16. Nd2 Nd4 17. Bxd4 Bxd4 18.
Rac1 Qxe5 19. Qf3 Bb2 20. Rce1 Qf6 21. Qxd5 O-O 22. Qxb7 Rxc2 23. Ne4 Qh4 24. Qxa6 Bd4 25. Qd3 Bxf2+ 26. Rxf2 Rxf2 27. Nxf2 Rc8 28. b5 Qa4 29. Rb1 Rb8 30. b6 Qa5 31. b7 Qc7 32. Qf3 e5 33. a4 f5 34. Qd5+ Kh7 35. a5 e4 36. a6 e3 37. Nd3 e2 38. a7 Rxb7 39. Qxb7 Qc3 40. a8=Q Qxd3 41. Qe8 1-0

[Event "Early-Titled-Tuesday-Blitz-September-05-2023"]
[Site "Chess.com"]
[Date "2023.09.05"]
[Round "6"]
[White "Zkid"]
[Black "Journey_to_GrandMaster_YT"]
[Result "1-0"]
[WhiteElo "2875"]
[BlackElo "2623"]
[TimeControl "180+1"]
[EndTime "9:05:39 PDT"]
[Termination "Zkid won on time"]

1. e4 d6 2. d4 Nf6 3. Nc3 e5 4. Nf3 Nbd7 5. Bc4 Be7 6. O-O O-O 7. Re1 c6 8. a4 a5 9. h3 Nb6 10. Ba2 Nfd7 11. Be3 exd4 12. Bxd4 Nc5 13. Qd2 Nbxa4 14. Nxa4 Nxa4 15. Rad1 Nc5 16. e5 d5 17. c4 dxc4 18. Bxc4 Be6 19. Qc2 Bxc4 20. Qxc4 Ne6 21. Bc5 Qe8 22. Bd6 h6 23. Nd2 Bxd6 24.
exd6 Qd7 25. Nf3 Rfd8 26. Ne5 Qe8 27. f4 Qf8 28. Nxf7 Qxf7 29. Rxe6 Rd7 30. Qe4 Rf8 31. Re7 Rxe7 32. dxe7 Re8 33. Rd8 g6 34. h4 h5 35.
g3 Kg7 36. Qe5+ Kh7 37. Rxe8 Qxe8 38. Qd6 Kg7 39. Qe6 a4 40. g4 hxg4 41. h5 gxh5 42. f5 g3 43. f6+ Kh7 44. f7 Qa8 45. Qf5+ Kh6 46. f8=Q+ 1-0